 Dungeon Crawl Stone Soup version 0.26.0-16-gc1dbca0489 (webtiles) character file.

Game seed: 9880661451821914153

1858681 hofbold the Brawler (level 27, 215/276 HPs)
             Began as a Troll Hunter on Jan 17, 2021.
             Was a Follower of Uskayaw.
             Escaped with the Orb
             ... and 3 runes!
             The game lasted 02:27:03 (58892 turns).

hofbold the Brawler (Troll Hunter)                 Turns: 58892, Time: 02:27:03

Health: 215/276    AC: 33    Str: 37    XL:     27
Magic:  35/35      EV: 13    Int: 16    God:    Uskayaw [*.....]
Gold:   567        SH: 22    Dex: 10    Spells: 26/26 levels left

rFire    + + +     SeeInvis .     - Unarmed
rCold    + . .     Faith    .   T - +0 tower shield
rNeg     + + .     Spirit   .   u - +4 storm dragon scales
rPois    +         Reflect  .   z - +1 hat of Poeschuni {rN+ rCorr}
rElec    +         Harm     .   a - +2 cloak {Stlth+}
rCorr    +         Rampage  .   (gloves unavailable)
Will     ++++.     Clarity  +   (boots unavailable)
Stlth    ..........             Q - amulet of the Four Winds {rN+ Will+++ Clar}
HPRegen  0.96/turn              k - +4 ring of protection
MPRegen  0.24/turn              M - ring of Toustevaim {Wiz rF+++ rC+ Will- Int+9}

@: studying Invocations
A: large, unfitting armour, claws 3, horns 1, talons 1, poison resistance,
regeneration 1, shaggy fur 1, tough skin 3
0: Orb of Zot
}: 3/15 runes: serpentine, barnacled, silver
a: Renounce Religion, Stomp


You escaped.
You worshipped Uskayaw.
Uskayaw was most pleased with you.
You visited 11 branches of the dungeon, and saw 49 of its levels.
You visited the Abyss 3 times.
You also visited: Trove, Ossuary, Bailey and Gauntlet.

You collected 5698 gold pieces.
You spent 5131 gold pieces at shops.

Inventory:

Missiles
 c - 139 large rocks
 d - 9 throwing nets
 y - 18 curare-tipped darts
 O - 22 silver javelins (quivered)
 S - 3 silver boomerangs
Armour
 a - a +2 cloak of stealth (worn)
 u - +4 storm dragon scales (worn)
 z - the +1 hat of Poeschuni (worn) {rN+ rCorr}
   (You found it in a Gauntlet)

   It protects you from negative energy.
   It provides partial protection from all sources of acid and corrosion.
 P - a +4 troll leather armour
 T - a +0 tower shield (worn)
Jewellery
 k - a +4 ring of protection (left claw)
 M - the ring of Toustevaim (right claw) {Wiz rF+++ rC+ Will- Int+9}
   (You acquired it on level 3 of the Vaults)

   [ring of wizardry]

   It improves your spell success rate.
   It affects your intelligence (+9).
   It renders you almost immune to fire.
   It protects you from cold.
   It affects your willpower, your defense against some magical effects.
 Q - the amulet of the Four Winds (around neck) {rN+ Will+++ Clar}
   (You bought it in a shop on level 5 of the Depths)

   [amulet of nothing]

   It protects you from negative energy.
   It affects your willpower, your defense against some magical effects.
   It protects you against confusion.
 X - an uncursed ring of see invisible
Wands
 m - a wand of iceblast (35)
 p - a wand of digging (3)
 r - a wand of polymorph (49)
 D - a wand of paralysis (41)
 I - a wand of acid (13)
 K - a wand of enslavement (24)
 Y - a wand of disintegration (19)
Scrolls
 b - 6 scrolls of fear
 e - 3 scrolls of silence
 l - 2 scrolls of magic mapping
 n - 13 scrolls of teleportation
 q - 22 scrolls of identify
 E - 21 scrolls of remove curse
 L - a scroll of fog
 V - 4 scrolls of summoning
 Z - a scroll of holy word
Potions
 f - 8 potions of mutation
 i - 9 potions of flight
 o - a potion of haste
 s - 20 potions of curing
 v - 11 potions of brilliance
 w - 4 potions of invisibility
 A - 5 potions of magic
 B - 2 potions of heal wounds
 J - 10 potions of berserk rage
 R - 3 potions of resistance
 U - 4 potions of might
 W - 4 potions of cancellation
Books
 x - a manual of Invocations
Miscellaneous
 h - a phantom mirror
 j - a tin of tremorstones (2/2)
 t - a lightning rod (4/4)
 F - a condenser vane
 N - a box of beasts


   Skills:
 + Level 16.9 Fighting
 + Level 17.2 Throwing
 + Level 14.8 Armour
 + Level 15.7 Dodging
 - Level 0.3 Stealth
 + Level 13.0 Shields
 + Level 19.4 Unarmed Combat
 + Level 18.4 Invocations
 + Level 15.4 Evocations


You had 26 spell levels left.
You didn't know any spells.
Your spell library contained the following spells:

 Spells                   Type           Power        Failure   Level
 Animate Skeleton         Necr           0%           38%         1
 Apportation              Tloc           0%           38%         1
 Beastly Appendage        Tmut           0%           38%         1
 Corona                   Hex            0%           38%         1
 Foxfire                  Conj/Fire      0%           38%         1
 Freeze                   Ice            0%           38%         1
 Magic Dart               Conj           0%           38%         1
 Pain                     Necr           0%           38%         1
 Sandblast                Erth           0%           38%         1
 Shock                    Conj/Air       0%           38%         1
 Sting                    Tmut/Pois      0%           38%         1
 Summon Small Mammal      Summ           0%           38%         1
 Corpse Rot               Necr/Air       N/A          50%         2
 Ensorcelled Hibernation  Hex/Ice        0%           50%         2
 Passwall                 Tmut/Erth      0%           50%         2
 Poisonous Vapours        Pois/Air       0%           50%         2
 Slow                     Hex            0%           50%         2
 Sublimation of Blood     Necr           0%           50%         2
 Swiftness                Air            0%           50%         2
 Wereblood                Tmut           0%           50%         2
 Call Canine Familiar     Summ           0%           73%         3
 Confusing Touch          Hex            0%           73%         3
 Dazzling Flash           Conj/Hex       0%           73%         3
 Gell's Gravitas          Tloc           0%           73%         3
 Ignite Poison            Fire/Tmut/Pois 0%           73%         3
 Inner Flame              Hex/Fire       0%           73%         3
 Mephitic Cloud           Conj/Pois/Air  0%           73%         3
 Portal Projectile        Hex/Tloc       0%           73%         3
 Spider Form              Tmut/Pois      0%           73%         3
 Static Discharge         Conj/Air       0%           73%         3
 Tukima's Dance           Hex            0%           73%         3
 Vampiric Draining        Necr           0%           73%         3
 Animate Dead             Necr           0%           98%         4
 Cause Fear               Hex            0%           98%         4
 Dispel Undead            Necr           0%           98%         4
 Hailstorm                Conj/Ice       0%           98%         4
 Ice Form                 Ice/Tmut       0%           98%         4
 Iskenderun's Mystic Bla  Conj/Tloc      0%           98%         4
 Leda's Liquefaction      Hex/Erth       0%           98%         4
 Olgreb's Toxic Radiance  Pois           0%           98%         4
 Passage of Golubria      Tloc           N/A          98%         4
 Petrify                  Tmut/Erth      0%           98%         4
 Sticky Flame             Conj/Fire      0%           98%         4
 Summon Ice Beast         Ice/Summ       0%           98%         4
 Summon Lightning Spire   Summ/Air       0%           98%         4
 Agony                    Necr           0%           100%        5
 Blade Hands              Tmut           0%           100%        5
 Bolt of Magma            Conj/Fire/Erth 0%           100%        5
 Borgnjor's Vile Clutch   Necr/Erth      0%           100%        5
 Excruciating Wounds      Necr           0%           100%        5
 Fireball                 Conj/Fire      0%           100%        5
 Iskenderun's Battlesphe  Conj           0%           100%        5
 Lee's Rapid Deconstruct  Erth           0%           100%        5
 Lightning Bolt           Conj/Air       0%           100%        5
 Metabolic Englaciation   Hex/Ice        0%           100%        5
 Summon Demon             Summ           0%           100%        5
 Summon Forest            Summ/Tloc      0%           100%        5
 Summon Mana Viper        Hex/Summ       0%           100%        5
 Yara's Violent Unravell  Hex/Tmut       0%           100%        5
 Conjure Ball Lightning   Conj/Air       0%           100%        6
 Death Channel            Necr           0%           100%        6
 Hydra Form               Tmut           0%           100%        6
 Invisibility             Hex            0%           100%        6
 Iron Shot                Conj/Erth      0%           100%        6
 Ozocubu's Refrigeration  Ice            0%           100%        6
 Shadow Creatures         Summ           N/A          100%        6
 Simulacrum               Ice/Necr       0%           100%        6
 Statue Form              Tmut/Erth      0%           100%        6
 Dragon Form              Tmut           0%           100%        7
 Haunt                    Necr/Summ      0%           100%        7
 Orb of Destruction       Conj           0%           100%        7
 Spellforged Servitor     Conj/Summ      0%           100%        7
 Summon Hydra             Summ           0%           100%        7
 Borgnjor's Revivificati  Necr           0%           100%        8
 Chain Lightning          Conj/Air       0%           100%        8
 Ignition                 Fire           0%           100%        8
 Infestation              Necr           0%           100%        8
 Necromutation            Tmut/Necr      0%           100%        8
 Death's Door             Necr           0%           100%        9
 Fire Storm               Conj/Fire      0%           100%        9
 Shatter                  Erth           0%           100%        9
 Tornado                  Air            0%           100%        9


Dungeon Overview and Level Annotations

Branches:
Dungeon (15/15)            Temple (1/1) D:5            Lair (6/6) D:8
 Shoals (4/4) Lair:3        Snake (4/4) Lair:4        Slime (0/5) Lair:6
    Orc (2/2) D:11            Elf (1/3) Orc:2        Vaults (5/5) D:14
  Crypt (0/3) Vaults:2     Depths (5/5) D:15           Hell (visited)
    Zot (5/5) Depths:5    Ossuary (visited)          Bailey (visited)
Gauntlet (visited)
    Dis: Hell:1         Geh: Hell:1         Coc: Hell:1         Tar: Hell:1

Altars:
Cheibriados
Dithmenos
Fedhas
Hepliaklqana
Kikubaaqudgha
Makhleb
Ru
Sif Muna
Uskayaw
Vehumet
Wu Jian
Xom
Yredelemnul
Zin
The Shining One
Beogh
Jiyva

Shops:
D:10 (   D:12 *   D:13 (   Orc:1 [   Orc:2 }!?(}   Shoals:3 [(   Vaults:1 }
Vaults:2 }   Vaults:3 }   Vaults:5 (   Depths:1 *   Depths:5 =}}

Portals:
Hell: Depths:1 Depths:2 Depths:3 Depths:4 Depths:5
Abyss: Depths:4
Pandemonium: Depths:3
Ziggurat: Depths:2

Annotations:
Vaults:3 1 runed translucent door, royokou's ghost, veteran MiFi


Innate Abilities, Weirdness & Mutations

You are too large for most types of armour.
You have claws for hands.
Your natural rate of healing is unusually fast.
You are covered in fur. (AC +1)
You have extremely tough skin. (AC +3)
You have a pair of small horns on your head.
You have sharp toenails.
Your system is resistant to poisons. (rPois)


Message History

(V) Vaults (C) Crypt (U) Depths (H) Hell (Z) Zot
Where to? (Enter - D:1, ? - help)
You can no longer pass through a line of other dancers.
HP restored.
There is a stone staircase leading up here.
You climb upwards.
There is a stone staircase leading down here.
A Hell Sentinel comes into view.
The Hell Sentinel roars!
The Hell Sentinel gestures at you.
The sphere of damnation explodes!
The damnation engulfs you!! The Hell Sentinel gestures at you.
The sphere of damnation explodes!
The damnation engulfs you!!!
There is a stone staircase leading up here.
You climb upwards.
There is a stone staircase leading down here.
There is a staircase leading out of the dungeon here.
You see here a +0 short sword.
You have escaped!

##.........#.##.#####)####.#...#.
...........#.......##.# #.#...#.
####...###.#.......##.# #.#...#.
.#.....# #.#..........# #.#...#.
...#.#####.#.#........####.#...#.
.................................
#####.#####.......⌠...####.#.....
#.........#...........# #.##..#.
#.........#...∩.@>....# #.##..#.
#.........#...........# #.##..#.
#####)#####.......⌠..># #.##..#.
#####.# #...........####.##..#.
....(.######.....................
#####.#...#........##............
.......[...........##.####.##.###
....#.#...#........##.##.........
###.#.#...#....#.####.####.##.###


There were no monsters in sight!

Vanquished Creatures
  7 ancient liches
  3 orbs of fire (Zot:5)
  A juggernaut (Depths:3)
  10 Killer Klowns
  Bai Suzhen (Shoals:4)
  Frederick (Depths:3)
  13 caustic shrikes
  Geryon (Hell)
  Vashnia (Snake:4)
  Nikola (Snake:4)
  A curse toe (Zot:5)
  7 golden dragons
  2 bone dragons
  2 electric golems (Zot:5)
  5 liches
  29 Orb Guardians
  Jorgrun (Snake:2)
  9 tentacled monstrosities
  3 titans
  5 quicksilver dragons
  9 tentacled starspawn
  Polyphemus (Shoals:3)
  An Executioner (Abyss:4)
  8 shadow dragons
  6 death cobs
  An ancient champion (Depths:1)
  An eldritch tentacle (Zot:4)
  6 sphinxes
  5 tengu reavers
  Kirke (Shoals:4)
  4 nagarajas (Snake:4)
  4 storm dragons
  3 draconian monks
  Gastronok (D:12)
  Ilsuiw (Shoals:2)
  Roxanne (Shoals:1)
  11 fire giants
  13 frost giants
  2 cacodemons (Abyss:1)
  2 iron dragons
  A ghost moth (Zot:3)
  3 draconian knights
  Aizul (Snake:4)
  A deep elf sorcerer (Abyss:1)
  An angel (Abyss:4)
  Louise (Snake:3)
  5 vault wardens
  4 draconian shifters (Zot:5)
  7 draconian stormcallers
  A deep elf elementalist (Vaults:5)
  25 stone giants
  A spriggan defender (Depths:3)
  25 very ugly things
  2 war gargoyles (Vaults:5)
  2 draconian annihilators
  11 ironheart preservers
  4 vampire knights
  Azrael (Snake:3)
  3 black draconians
  3 purple draconians
  A dire elephant (D:15)
  5 entropy weavers
  3 white draconians
  2 deep elf demonologists
  2 spark wasps (Depths:2)
  A minotaur (Gauntlet)
  7 red draconians
  3 yellow draconians
  4 merfolk javelineers
  11 crystal guardians (Depths:4)
  A deep elf death mage (Vaults:5)
  6 fire dragons
  11 ettins
  11 merfolk impalers
  An eidolon (Abyss:1)
  6 great orbs of eyes
  8 rakshasas
  Fannar (Orc:1)
  33 vault guards
  13 yaktaur captains
  5 deep elf high priests
  15 naga warriors
  2 hell beasts
  9 hydras
  13 ice dragons
  5 catoblepae
  7 merfolk avatars
  3 spriggan air magi
  12 centaur warriors
  12 anacondas
  Harold (D:8)
  Erica (Orc:1)
  12 ogre magi
  A satyr (Shoals:4)
  2 death knights
  32 two-headed ogres
  7 boulder beetles
  11 deep troll shamans
  4 hell hogs (Abyss:1)
  3 alligator snapping turtles
  6 merfolk aquamancers (Shoals:4)
  A queen ant (Lair:5)
  A dancing weapon (Elf:1)
  10 death yaks
  6 spriggan berserkers
  A vampire mage (D:13)
  7 tengu warriors
  4 deep troll earth magi
  3 shock serpents
  8 thrashing horrors
  A sun demon (Depths:1)
  8 deep elf knights
  Sonja (Lair:5)
  Nergalle (Lair:1)
  A soul eater (Abyss:4)
  17 naga sharpshooters
  4 sixfirhies
  7 iron trolls
  A shadow wraith (Vaults:3)
  A salamander mystic (Snake:3)
  16 skeletal warriors
  A spatial maelstrom (Abyss:4)
  28 starcursed masses
  3 wretched stars
  6 unseen horrors
  25 large abominations
  17 sea snakes
  A deep troll (shapeshifter) (Vaults:5)
  4 flayed ghosts
  26 deep trolls
  3 glowing orange brains
  An unseen horror (shapeshifter) (Vaults:5)
  6 naga ritualists
  3 deep elf archers
  3 wizards
  3 harpies (shapeshifter)
  An obsidian statue (Zot:5)
  14 orc knights
  2 phantasmal warriors
  An orange crystal statue (Depths:4)
  A mana viper (shapeshifter) (Depths:3)
  14 harpies
  A necromancer (Vaults:3)
  A wolf spider zombie (D:14)
  A sphinx zombie (Vaults:3)
  9 ironbrand convokers
  5 oklob plants
  15 fauns
  A tengu skeleton (Vaults:2)
  15 deep elf magi
  12 orc sorcerers
  6 wolf spiders
  7 cyclopes
  8 mana vipers
  A worldbinder (Abyss:4)
  An elephant (shapeshifter) (Depths:1)
  A will-o-the-wisp (Abyss:4)
  16 slime creatures
  12 elephants
  9 vault sentinels
  Maurice (D:8)
  11 moths of wrath
  45 ugly things
  14 manticores
  9 salamanders
  39 black mambas
  A frost giant skeleton (Vaults:2)
  A moth of wrath (shapeshifter) (Vaults:4)
  A rust devil (Abyss:1)
  Psyche (D:8)
  17 naga magi
  An eye of devastation (shapeshifter) (Vaults:4)
  3 fire giant skeletons (Vaults:2)
  4 water nymphs
  A torpor snail (shapeshifter) (Depths:2)
  2 gargoyles (D:14)
  3 smoke demons
  13 merfolk sirens
  14 cane toads
  A storm dragon simulacrum (Vaults:3)
  5 guardian serpents
  5 centaur skeletons
  3 kobold demonologists
  A rime drake (Lair:6)
  Maggie (D:9)
  A hellion (D:8)
  A komodo dragon (shapeshifter) (Vaults:3)
  An efreet (D:14)
  4 freezing wraiths
  57 yaktaurs
  A redback zombie (D:14)
  9 komodo dragons
  4 tengu conjurers
  6 trolls
  A harpy zombie (D:15)
  4 ancient zymes
  A troll (shapeshifter) (Abyss:4)
  A yaktaur skeleton (Vaults:2)
  4 polar bears
  20 merfolk
  6 meliai
  2 meliai (shapeshifter)
  6 hornets
  6 wind drakes
  15 dream sheep
  11 raiju (Abyss:4)
  18 blink frogs
  17 snapping turtles
  A stone giant simulacrum (Vaults:3)
  A snapping turtle (shapeshifter) (Vaults:4)
  Sigmund (D:6)
  A fire giant simulacrum (Depths:1)
  2 wraiths
  A redback (Vaults:4)
  2 ettin skeletons
  2 vampires
  7 water elementals
  2 shadows
  33 yaks
  6 spriggans
  2 hogs (shapeshifter)
  A tarantella (shapeshifter) (Vaults:4)
  3 ynoxinuls
  2 fire elementals (Snake:3)
  A basilisk (shapeshifter) (Vaults:3)
  A basilisk (Lair:6)
  A chaos spawn (Abyss:1)
  4 golden eyes
  5 wyverns
  5 neqoxecs
  3 vampire mosquitoes (D:12)
  A human simulacrum (Vaults:3)
  4 wargs
  Edmund (D:4)
  19 water moccasins
  42 nagas
  15 hell hounds
  23 soldier ants
  A cane toad zombie (Abyss:1)
  An acid dragon (D:13)
  2 floating eyes
  46 orc warriors
  A black bear (shapeshifter) (Depths:1)
  5 sky beasts
  2 black bears
  2 phantoms
  An ice beast (D:13)
  26 wolves
  17 boggarts
  29 ogres
  17 centaurs
  3 big kobolds
  16 bullfrogs
  3 human skeletons (Vaults:2)
  8 small abominations
  A wyvern zombie (D:13)
  3 wyvern skeletons
  3 scorpions
  4 killer bees (D:10)
  16 wights
  3 vampire bats (D:3)
  6 howler monkeys
  3 lava snakes (D:10)
  5 centaur zombies
  A bullfrog zombie (D:8)
  3 jellies
  A quasit (Abyss:1)
  A bullfrog skeleton (D:5)
  10 hounds
  50 orc wizards
  24 orc priests
  4 iron imps
  4 iguanas
  Ijyb (D:3)
  Terence (D:3)
  Natasha (thrice) (D:3)
  29 worker ants
  A big kobold zombie (Ossuary)
  5 mummies
  Robin (D:4)
  10 gnolls
  A howler monkey skeleton (D:5)
  22 adders
  2 shadow imps
  3 white imps
  2 ufetubi
  3 oozes
  2 adder zombies
  An adder skeleton (D:5)
  3 worms
  A dart slug (D:3)
  5 leopard geckos
  156 orcs
  A ball python (Lair:4)
  2 bat skeletons (D:3)
  3 bat zombies (D:3)
  4 giant cockroaches
  16 goblins
  12 hobgoblins
  7 jackals
  6 quokkas
  9 bats
  8 frilled lizards
  A goblin zombie (Ossuary)
  19 kobolds
  5 kobold zombies
  2 orc zombies (Ossuary)
  2 rats
  A crawling corpse (Vaults:4)
  A foxfire (Abyss:4)
  A lurking horror (Abyss:4)
  6 starspawn tentacles
2227 creatures vanquished.

Vanquished Creatures (collateral kills)
  An ancient lich (Abyss:1)
  Boris (Vaults:3)
  2 titans (Vaults:5)
  A sphinx (Depths:3)
  A tengu reaver (Vaults:5)
  A nagaraja (Snake:4)
  A storm dragon (Vaults:5)
  A frost giant (Depths:2)
  A vault warden (Vaults:4)
  A balrug (Abyss:4)
  An ironheart preserver (Vaults:4)
  A stone giant (Vaults:4)
  A black draconian (Zot:5)
  A boulder beetle (Vaults:5)
  Erolcha (Orc:2)
  An anaconda (Snake:3)
  2 hell hogs (Hell)
  2 shock serpents (Snake:3)
  A shadow demon (Abyss:1)
  A naga mage (Snake:3)
  A cane toad (Lair:1)
  A yaktaur (Vaults:4)
  2 merfolk (Shoals:3)
  A hornet (Depths:5)
  A basilisk (Lair:1)
  A neqoxec (Abyss:4)
  A naga (Abyss:1)
  A water moccasin (Lair:1)
  2 bullfrogs (D:8)
  A wyvern skeleton (D:12)
  2 orcs
37 creatures vanquished.

Vanquished Creatures (others)
  A fire giant (Depths:4)
  A draconian scorcher (Zot:3)
  A hell hog (Hell)
  A redback (Vaults:5)
  2 humans (Shoals:4)
  A large abomination (Abyss:1)
  A naga (Abyss:1)
  14 demonic plants (Gauntlet)
  6 foxfires
  37 fungi
  A lurking horror (Abyss:4)
  131 plants
  25 starspawn tentacles
  2 withered plants (Gauntlet)
224 creatures vanquished.

Grand Total: 2488 creatures vanquished

Notes
Turn   | Place    | Note
-------+----------+-------------------------------------------
     0 | D:1      | hofbold the Troll Hunter began the quest for the Orb.
     0 | D:1      | Reached XP level 1. HP: 19/19 MP: 0/0
   149 | D:1      | Reached XP level 2. HP: 28/28 MP: 1/1
   492 | D:1      | You fall into a shaft and drop 1 floor!
   967 | D:2      | Reached skill level 1 in Unarmed Combat
   967 | D:2      | Reached XP level 3. HP: 35/35 MP: 2/2
  1330 | D:2      | Reached skill level 1 in Armour
  1373 | D:2      | Reached XP level 4. HP: 42/42 MP: 3/3
  1613 | D:2      | Found a snail-covered altar of Cheibriados.
  1618 | D:2      | Found a shimmering altar of Xom.
  1621 | D:2      | Found a hazy altar of Hepliaklqana.
  1890 | D:3      | Reached XP level 5. HP: 50/50 MP: 4/4
  1899 | D:3      | Reached skill level 2 in Unarmed Combat
  1954 | D:3      | Noticed Natasha
  1967 | D:3      | Killed Natasha
  2008 | D:3      | Noticed Ijyb
  2035 | D:3      | Killed Ijyb
  2036 | D:3      | Reached XP level 6. HP: 59/59 MP: 5/5
  2124 | D:3      | Noticed Natasha
  2176 | D:3      | Killed Natasha
  2302 | D:3      | Found an ancient bone altar of Kikubaaqudgha.
  2344 | D:3      | Reached XP level 7. HP: 63/67 MP: 6/6
  2366 | D:3      | Reached skill level 3 in Unarmed Combat
  2370 | D:3      | Reached skill level 1 in Evocations
  2420 | D:3      | Noticed Terence
  2436 | D:3      | Killed Terence
  2640 | D:3      | Noticed Natasha
  2657 | D:3      | Killed Natasha
  2821 | D:4      | Found a hide-covered altar of Uskayaw.
  2832 | D:4      | Found a radiant altar of Vehumet.
  2832 | D:4      | Found a sacrificial altar of Ru.
  2836 | D:4      | Found a glowing silver altar of Zin.
  2907 | D:4      | Became a worshipper of Uskayaw the Reveller
  2927 | D:4      | Noticed Edmund
  2941 | D:4      | Killed Edmund
  2985 | D:4      | Reached * piety under Uskayaw
  2988 | D:4      | Reached ** piety under Uskayaw
  2990 | D:4      | Reached skill level 5 in Throwing
  3062 | D:4      | Reached *** piety under Uskayaw
  3069 | D:4      | Reached XP level 8. HP: 64/76 MP: 7/7
  3284 | D:4      | Noticed Robin
  3302 | D:4      | Killed Robin
  3302 | D:4      | Reached **** piety under Uskayaw
  3535 | D:5      | Entered Level 5 of the Dungeon
  3683 | D:5      | Reached skill level 4 in Unarmed Combat
  3975 | D:5      | Found a staircase to the Ecumenical Temple.
  3993 | Temple   | Entered the Ecumenical Temple
  4249 | D:6      | Noticed Sigmund
  4289 | D:6      | Killed Sigmund
  4595 | D:6      | Reached XP level 9. HP: 83/84 MP: 8/8
  4907 | D:7      | Found a basalt altar of Yredelemnul.
  4931 | D:7      | Reached skill level 1 in Invocations
  5145 | D:7      | Reached skill level 5 in Unarmed Combat
  5633 | D:8      | Found a sand-covered staircase.
  5640 | Ossuary  | Entered an ossuary
  5836 | D:8      | Noticed a two-headed ogre
  5836 | D:8      | Noticed a two-headed ogre
  5902 | D:7      | Killed a two-headed ogre
  5903 | D:7      | Reached skill level 5 in Dodging
  5979 | D:8      | HP: 3/87 [two-headed ogre/+0 giant club (13)]
  5997 | D:8      | Noticed Psyche
  6017 | D:8      | Noticed a two-headed ogre
  6046 | D:8      | Killed a two-headed ogre
  6047 | D:8      | Reached skill level 5 in Fighting
  6047 | D:8      | Reached XP level 10. HP: 44/96 MP: 9/11
  6206 | D:8      | Killed a two-headed ogre
  6207 | D:8      | Reached skill level 6 in Unarmed Combat
  6212 | D:8      | Killed Psyche
  6213 | D:8      | Reached skill level 5 in Armour
  6411 | D:8      | Noticed Harold
  6428 | D:8      | Killed Harold
  6570 | D:8      | Noticed Maurice
  6589 | D:8      | Killed Maurice
  6729 | D:8      | Found a staircase to the Lair.
  7083 | D:9      | Found an ornate altar of the Wu Jian Council.
  7275 | D:9      | Noticed a two-headed ogre
  7301 | D:9      | Killed a two-headed ogre
  7456 | D:9      | Noticed Maggie
  7468 | D:9      | Killed Maggie
  7469 | D:9      | Reached XP level 11. HP: 92/105 MP: 13/13
  7800 | D:10     | Entered Level 10 of the Dungeon
  8112 | D:10     | Killed an unseen horror
  8149 | D:10     | Noticed a harpy
  8158 | D:10     | Noticed a brown ugly thing
  8162 | D:10     | Killed a harpy
  8163 | D:10     | Reached skill level 7 in Unarmed Combat
  8189 | D:9      | Killed a brown ugly thing
  8294 | Lair:1   | Entered Level 1 of the Lair of Beasts
  8586 | Lair:1   | Reached skill level 5 in Evocations
  8884 | Lair:1   | Reached skill level 5 in Invocations
  9314 | Lair:1   | Reached skill level 9 in Unarmed Combat
  9314 | Lair:1   | Reached XP level 12. HP: 119/119 MP: 14/14
  9315 | Lair:1   | Reached skill level 10 in Unarmed Combat
  9315 | Lair:1   | Reached XP level 13. HP: 131/131 MP: 15/15
  9590 | Lair:2   | Noticed Nergalle
  9606 | Lair:1   | Killed Nergalle
  9860 | Lair:2   | Reached skill level 11 in Unarmed Combat
  9894 | Lair:2   | Found a gate leading to a gauntlet.
  9903 | Gauntlet | Entered a Gauntlet
  9903 | Gauntlet | Found a transporter.
  9903 | Gauntlet | Found a transporter.
  9937 | Gauntlet | Found a transporter.
  9941 | Gauntlet | Found a transporter.
  9955 | Gauntlet | Found a transporter.
  9965 | Gauntlet | Found a transporter.
  9986 | Gauntlet | Found a transporter.
  9991 | Gauntlet | Found a transporter.
  9995 | Gauntlet | Found a transporter.
 10010 | Gauntlet | Found a transporter.
 10010 | Gauntlet | Found a transporter.
 10053 | Gauntlet | Found a transporter.
 10216 | Gauntlet | Got a warped hat
 10225 | Gauntlet | Identified the +1 hat of Poeschuni {rN+ rCorr} (You found
                  | it in a Gauntlet)
 10245 | Gauntlet | Noticed a minotaur
 10258 | Gauntlet | Killed a minotaur
 10276 | Gauntlet | Identified the Incunabulum of the Oath
 10297 | Lair:2   | Reached ***** piety under Uskayaw
 10299 | Lair:2   | Reached XP level 14. HP: 119/140 MP: 17/17
 11678 | Lair:3   | Found a staircase to the Shoals.
 12734 | Lair:4   | Found a staircase to the Snake Pit.
 13627 | Lair:5   | Reached skill level 10 in Fighting
 13643 | Lair:5   | Reached ****** piety under Uskayaw
 14001 | Lair:5   | Noticed Sonja
 14010 | Lair:5   | Killed Sonja
 14816 | Lair:6   | Entered Level 6 of the Lair of Beasts
 15146 | Lair:6   | Found a staircase to the Slime Pits.
 15147 | Lair:6   | Found a viscous altar of Jiyva.
 15171 | Lair:6   | Reached XP level 15. HP: 136/150 MP: 19/19
 15194 | Lair:6   | Reached skill level 12 in Unarmed Combat
 16126 | Lair:6   | Identified the +6 shortbow "Detzodof" {freeze, rPois rC+
                  | rN+ Will+} (You found it on level 6 of the Lair of Beasts)
 16914 | D:10     | Found Gikaaf's Antique Weapon Boutique.
 17474 | D:11     | Found a staircase to the Orcish Mines.
 17937 | Orc:1    | Entered Level 1 of the Orcish Mines
 18150 | Orc:2    | Entered Level 2 of the Orcish Mines
 18150 | Orc:2    | Found Sanuecwiaqo's Gadget Shoppe.
 18209 | Orc:2    | Bought a tin of tremorstones (2/2) for 680 gold pieces
 18209 | Orc:2    | Bought a phantom mirror for 680 gold pieces
 18343 | Orc:2    | Found a staircase to the Elven Halls.
 18995 | Orc:1    | Noticed Erica
 18998 | Orc:1    | Killed Erica
 18998 | Orc:1    | Noticed Fannar
 19006 | Orc:1    | Killed Fannar
 19208 | Orc:1    | Found Soequeq's Antique Armour Shoppe.
 19242 | Orc:1    | Reached skill level 10 in Throwing
 19655 | Orc:2    | Found Cetar's Distillery.
 19662 | Orc:2    | Noticed Erolcha
 19666 | Orc:2    | Found a radiant altar of Vehumet.
 19678 | Orc:2    | Killed Erolcha
 19773 | Orc:2    | Bought a potion of heal wounds for 75 gold pieces
 19773 | Orc:2    | Bought a potion of curing for 45 gold pieces
 19773 | Orc:2    | Bought a potion of mutation for 120 gold pieces
 19773 | Orc:2    | Bought a potion of cancellation for 120 gold pieces
 19773 | Orc:2    | Bought a potion of berserk rage for 75 gold pieces
 19773 | Orc:2    | Bought a potion of heal wounds for 75 gold pieces
 19802 | Orc:2    | Found an ancient bone altar of Kikubaaqudgha.
 19824 | Orc:2    | Found a roughly hewn altar of Beogh.
 19824 | Orc:2    | Found Kenk's Gadget Shop.
 19870 | Orc:2    | Found Nitakadu's Antique Weapon Shop.
 19878 | Orc:2    | Found Luroev's Magic Scroll Boutique.
 19890 | Orc:2    | Bought a scroll of enchant armour for 105 gold pieces
 19890 | Orc:2    | Bought a scroll of identify for 28 gold pieces
 19890 | Orc:2    | Bought a scroll of identify for 28 gold pieces
 19890 | Orc:2    | Bought a scroll of blinking for 105 gold pieces
 19890 | Orc:2    | Bought a scroll of enchant armour for 105 gold pieces
 19990 | Elf:1    | Entered Level 1 of the Elven Halls
 20537 | D:12     | Reached XP level 16. HP: 132/162 MP: 21/21
 20592 | D:12     | Found Kofrotin's General Store.
 20731 | D:12     | Noticed Gastronok
 20742 | D:12     | Killed Gastronok
 21024 | D:13     | Found a flagged portal.
 21033 | Bailey   | Entered a bailey
 21516 | D:13     | Found a glowing golden altar of the Shining One.
 21546 | D:13     | Found a burning altar of Makhleb.
 21578 | D:13     | Found Vaxit's Antique Weapon Emporium.
 21719 | D:13     | You fall into a shaft and drop 2 floors!
 21719 | D:15     | Entered Level 15 of the Dungeon
 22036 | D:14     | Reached skill level 13 in Unarmed Combat
 22329 | D:14     | Found a shadowy altar of Dithmenos.
 22436 | D:14     | Found a gate to the Vaults.
 22715 | D:14     | Found a blossoming altar of Fedhas.
 23331 | D:15     | Found a staircase to the Depths.
 24231 | Snake:1  | Entered Level 1 of the Snake Pit
 24321 | Snake:1  | Reached XP level 17. HP: 172/172 MP: 22/22
 25402 | Snake:1  | Reached XP level 18. HP: 132/182 MP: 24/24
 26298 | Snake:2  | Reached skill level 10 in Armour
 26468 | Snake:2  | Identified the +7 rapier "Emowyete" {vorpal, Dex+2}
 26837 | Snake:2  | Noticed Jorgrun
 26852 | Snake:2  | Killed Jorgrun
 26853 | Snake:2  | Reached skill level 10 in Dodging
 27117 | Snake:2  | Reached skill level 1 in Shields
 27208 | Shoals:1 | Entered Level 1 of the Shoals
 28107 | Shoals:1 | Identified Roxanne's Reference Book on Transmutation
 28107 | Shoals:1 | Noticed Roxanne
 28136 | Shoals:1 | Killed Roxanne
 28245 | Shoals:1 | Reached skill level 14 in Unarmed Combat
 28842 | Shoals:2 | Reached skill level 10 in Invocations
 29026 | Shoals:2 | Noticed Ilsuiw
 29048 | Shoals:2 | Killed Ilsuiw
 30004 | Shoals:3 | Found Imosupeg's Weapon Boutique.
 30081 | Shoals:3 | Noticed Polyphemus
 30093 | Shoals:3 | Killed Polyphemus
 30263 | Shoals:3 | Found Loipp's Armour Emporium.
 30605 | Shoals:4 | Entered Level 4 of the Shoals
 30946 | Shoals:4 | Reached XP level 19. HP: 168/191 MP: 25/25
 31227 | Shoals:4 | Identified the cursed +1 scale mail of Syndicalism {Str+3}
 31513 | Shoals:4 | Got a barnacled rune of Zot
 31632 | Shoals:4 | Identified the ring of Surprise {MP+9 Int-3 Dex+3 Stlth+}
 31632 | Shoals:4 | Noticed Bai Suzhen
 31648 | Shoals:4 | Killed Bai Suzhen
 31697 | Shoals:4 | Noticed Kirke
 31704 | Shoals:4 | Killed Kirke
 32807 | Vaults:1 | Entered Level 1 of the Vaults
 33971 | Vaults:1 | Found Hixyriez's Gadget Emporium.
 33982 | Vaults:1 | Bought a wand of disintegration (13) for 204 gold pieces
 33982 | Vaults:1 | Bought a wand of enslavement (10) for 144 gold pieces
 33982 | Vaults:1 | Bought a wand of enslavement (4) for 72 gold pieces
 33982 | Vaults:1 | Bought a wand of paralysis (12) for 168 gold pieces
 34083 | Vaults:2 | Reached skill level 5 in Shields
 34412 | Vaults:2 | Paralysed by an ogre mage for 4 turns
 34430 | Vaults:2 | You fall into a shaft and drop 2 floors!
 34469 | Vaults:4 | Reached skill level 10 in Evocations
 34557 | Vaults:3 | Reached skill level 15 in Unarmed Combat
 34692 | Vaults:3 | Reached XP level 20. HP: 176/202 MP: 27/27
 35459 | Vaults:2 | Found Poad's Gadget Boutique.
 35465 | Vaults:2 | Bought a wand of digging (6) for 400 gold pieces
 35465 | Vaults:2 | Bought a wand of iceblast (5) for 180 gold pieces
 35698 | Vaults:2 | Found a staircase to the Crypt.
 35881 | Vaults:3 | Found Maokk's Gadget Shop.
 35906 | Vaults:3 | Identified a scroll of acquirement
 35916 | Vaults:3 | Noticed Boris
 35937 | Vaults:3 | Killed Boris
 36061 | Vaults:3 | Acquired the ring of Toustevaim {Wiz rF+++ rC+ Will- Int+9}
 36174 | Vaults:3 | Found a glowing golden altar of the Shining One.
 36990 | Vaults:3 | Found a runed translucent door.
 36991 | Vaults:3 | Noticed royokou's ghost (veteran MiFi)
 37029 | Vaults:3 | Found a portal to a secret trove of treasure.
 39251 | Snake:3  | Noticed Louise
 39260 | Snake:3  | Killed Louise
 39531 | Snake:3  | Found a basalt altar of Yredelemnul.
 39585 | Snake:3  | Noticed Azrael
 39598 | Snake:3  | Killed Azrael
 39599 | Snake:3  | Reached XP level 21. HP: 165/211 MP: 29/29
 40394 | Snake:4  | Entered Level 4 of the Snake Pit
 40407 | Snake:4  | Noticed Aizul
 40416 | Snake:4  | Killed Aizul
 40518 | Snake:4  | Noticed Vashnia
 40543 | Snake:4  | Killed Vashnia
 40719 | Snake:4  | Noticed Nikola
 40731 | Snake:4  | Killed Nikola
 41487 | Snake:4  | Reached skill level 16 in Unarmed Combat
 41711 | Snake:4  | Got a serpentine rune of Zot
 42089 | Depths:1 | Entered Level 1 of the Depths
 42177 | Depths:1 | Paralysed by a vampire knight for 5 turns
 42611 | Depths:1 | Found Laopneeg's Antique Weapon Shoppe.
 42626 | Depths:1 | Found a glowing golden altar of the Shining One.
 42633 | Depths:1 | Found Heedo's General Store.
 42641 | Depths:1 | Bought a scroll of silence for 97 gold pieces
 42641 | Depths:1 | Bought a potion of curing for 39 gold pieces
 42641 | Depths:1 | Bought 2 scrolls of identify for 52 gold pieces
 42864 | Depths:1 | Found a gateway to Hell.
 43365 | Depths:2 | Reached XP level 22. HP: 221/223 MP: 30/30
 43491 | Depths:2 | Found a gateway to a ziggurat.
 43545 | Depths:2 | Paralysed by a great orb of eyes for 5 turns
 43731 | Depths:2 | Noticed a golden dragon
 44190 | Depths:2 | Noticed a golden dragon
 44205 | Depths:2 | Killed a golden dragon
 44260 | Depths:2 | Killed a golden dragon
 44311 | Depths:2 | Paralysed by a vampire knight for 4 turns
 44317 | Depths:2 | Paralysed by something for 4 turns
 44443 | Depths:2 | Identified the +3 hand axe of Zim Raps {vamp, Dex+6}
 44473 | Depths:2 | Paralysed by a floating eye for 3 turns
 44624 | Depths:2 | Identified Sif Muna's Compendium of Clay and Shape Shifting
 45239 | Depths:3 | Found a one-way gate leading to the halls of Pandemonium.
 45409 | Depths:3 | Noticed Frederick
 45423 | Depths:3 | Killed Frederick
 45620 | Depths:3 | Noticed a caustic shrike
 45622 | Depths:3 | Noticed a caustic shrike
 45622 | Depths:3 | Noticed a caustic shrike
 45622 | Depths:3 | Noticed a caustic shrike
 45626 | Depths:3 | Killed a caustic shrike
 45633 | Depths:3 | Killed a caustic shrike
 45636 | Depths:3 | Noticed a juggernaut
 45639 | Depths:3 | Killed a caustic shrike
 45641 | Depths:3 | Killed a caustic shrike
 45652 | Depths:3 | Killed a juggernaut
 45830 | Depths:3 | Noticed a golden dragon
 45837 | Depths:3 | Killed a golden dragon
 45998 | Depths:3 | Reached XP level 23. HP: 187/232 MP: 32/32
 46129 | Depths:3 | Noticed a caustic shrike
 46129 | Depths:3 | Noticed a caustic shrike
 46130 | Depths:3 | Noticed a caustic shrike
 46130 | Depths:3 | Noticed a caustic shrike
 46134 | Depths:3 | Killed a caustic shrike
 46135 | Depths:3 | Killed a caustic shrike
 46137 | Depths:3 | Killed a caustic shrike
 46137 | Depths:3 | Killed a caustic shrike
 46138 | Depths:3 | Reached skill level 17 in Unarmed Combat
 46144 | Depths:3 | Noticed a caustic shrike
 46402 | Depths:3 | Killed a caustic shrike
 46430 | Depths:3 | Cast into level 4 of the Abyss (a lich)
 46792 | Abyss:4  | Gained mutation: Your body sometimes deteriorates upon
                  | taking damage. [a neqoxec]
 47007 | Abyss:4  | Found a basalt altar of Yredelemnul.
 47066 | Abyss:4  | Gained mutation: Armour fits poorly on your strangely
                  | shaped body. [a neqoxec]
 47074 | Abyss:4  | Reached skill level 10 in Shields
 47136 | Depths:3 | Escaped the Abyss
 47425 | Depths:3 | Acquired a manual of Invocations
 47776 | Depths:4 | Reached skill level 15 in Throwing
 47800 | Depths:3 | Reached skill level 15 in Fighting
 47999 | Hell     | Entered the Vestibule of Hell
 47999 | Hell     | Noticed Geryon
 48014 | Hell     | Killed Geryon
 48324 | Vaults:3 | You paid a toll of the horn of Geryon to enter a treasure
                  | trove
 48325 | Trove    | Entered a treasure trove
 48338 | Trove    | Identified Sif Muna's Handbook of Earthen Attacks
 48377 | Trove    | Identified Sif Muna's Grimoire of Excruciating Fire
 48386 | Trove    | Identified Sif Muna's Almanac of Transformation
 48390 | Trove    | Lost mutation: Armour fits poorly on your strangely shaped
                  | body. [potion of mutation]
 48390 | Trove    | Lost mutation: Your body sometimes deteriorates upon taking
                  | damage. [potion of mutation]
 48390 | Trove    | Gained mutation: You evolve. [potion of mutation]
 48390 | Trove    | Gained mutation: You have a pair of small horns on your
                  | head. [potion of mutation]
 49076 | Depths:3 | Lost mutation: You have a pair of small horns on your head.
                  | [evolution]
 49207 | Depths:4 | Found a one-way gate to the infinite horrors of the Abyss.
 49234 | Depths:4 | Voluntarily entered the Abyss.
 49516 | Abyss:1  | Identified the +7 spear of the Wraith {drain, Fragile rElec
                  | rPois Str+4}
 49554 | Abyss:1  | Reached XP level 24. HP: 111/244 MP: 24/32
 49584 | Depths:4 | Escaped the Abyss
 49750 | Depths:4 | Voluntarily entered the Abyss.
 49858 | Abyss:1  | Paralysed by accursed screaming for 1 turns
 50047 | Abyss:1  | Found a snail-covered altar of Cheibriados.
 50058 | Abyss:1  | Noticed an ancient lich
 50069 | Abyss:1  | Killed an ancient lich
 50144 | Abyss:1  | Gained mutation: Scrolls take you a little longer to read.
                  | [a neqoxec]
 50145 | Abyss:1  | Gained mutation: Scrolls take you longer to read. [a
                  | cacodemon]
 50488 | Abyss:1  | Gained mutation: Your magical capacity is low. (-10% MP) [a
                  | neqoxec]
 50494 | Abyss:1  | Gained mutation: You are weak. (Str -2) [a neqoxec]
 50500 | Abyss:1  | Paralysed by accursed screaming for 1 turns
 50504 | Abyss:1  | Paralysed by accursed screaming for 1 turns
 50514 | Abyss:1  | Found a corrupted altar of Lugonu.
 50718 | Depths:4 | Escaped the Abyss
 51131 | Depths:4 | You fall into a shaft and drop 1 floor!
 51131 | Depths:5 | Entered Level 5 of the Depths
 51179 | Depths:5 | Reached skill level 15 in Invocations
 51258 | Depths:5 | Lost mutation: Your magical capacity is low. (-10% MP)
                  | [potion of mutation]
 51258 | Depths:5 | Lost mutation: You evolve. [potion of mutation]
 51258 | Depths:5 | Lost mutation: You are weak. (Str -2) [potion of mutation]
 51258 | Depths:5 | Gained mutation: You are weak. (Str -2) [potion of
                  | mutation]
 51258 | Depths:5 | Gained mutation: You have a pair of small horns on your
                  | head. [potion of mutation]
 51259 | Depths:5 | Lost mutation: Scrolls take you longer to read. [potion of
                  | mutation]
 51259 | Depths:5 | Lost mutation: You are weak. (Str -2) [potion of mutation]
 51259 | Depths:5 | Lost mutation: Scrolls take you a little longer to read.
                  | [potion of mutation]
 51259 | Depths:5 | Gained mutation: You are robust. (+10% HP) [potion of
                  | mutation]
 51259 | Depths:5 | Gained mutation: Your system is resistant to poisons.
                  | (rPois) [potion of mutation]
 51259 | Depths:5 | Gained mutation: You have sharp toenails. [potion of
                  | mutation]
 51363 | Depths:5 | Found a gate to the Realm of Zot.
 52329 | Depths:5 | Reached skill level 18 in Unarmed Combat
 52786 | Depths:4 | Reached XP level 25. HP: 258/278 MP: 33/33
 52790 | Depths:4 | Found a shimmering blue altar of Sif Muna.
 52835 | Depths:4 | Got a pitted emerald amulet
 52848 | Depths:4 | Identified the amulet of Saido {Inacc Int+5} (You found it
                  | on level 4 of the Depths)
 52860 | Depths:4 | Identified the Almanac of the Frostbite and Malediction
 53948 | Depths:5 | Found Rime's Jewellery Boutique.
 53949 | Depths:5 | Found Pinur's Gadget Shoppe.
 53949 | Depths:5 | Found Qusiskech's Gadget Shoppe.
 53957 | Depths:5 | Bought the amulet of the Four Winds {rN+ Will+++ Clar} for
                  | 702 gold pieces
 53957 | Depths:5 | Found the amulet of the Four Winds {rN+ Will+++ Clar}
 53970 | Depths:5 | Bought a wand of acid (12) for 832 gold pieces
 54414 | Vaults:5 | Entered Level 5 of the Vaults
 54624 | Vaults:5 | Noticed an ancient lich
 54719 | Vaults:4 | Killed an ancient lich
 55192 | Vaults:5 | Found Teanigif's Antique Weapon Shoppe.
 55515 | Vaults:5 | Identified the Guide on Supportive Cold
 55898 | Vaults:5 | Got a silver rune of Zot
 56199 | Zot:1    | Entered Level 1 of the Realm of Zot
 56294 | Zot:1    | Reached XP level 26. HP: 275/291 MP: 34/34
 56796 | Zot:5    | Entered Level 5 of the Realm of Zot
 57064 | Zot:5    | Reached skill level 15 in Dodging
 57692 | Zot:5    | Noticed an orb of fire
 57698 | Zot:5    | Noticed an orb of fire
 57703 | Zot:5    | Killed an orb of fire
 57704 | Zot:5    | Lost mutation: You are robust. (+10% HP) [an orb of fire]
 57705 | Zot:5    | Reached skill level 15 in Evocations
 57705 | Zot:5    | Noticed an orb of fire
 57710 | Zot:5    | Noticed an ancient lich
 57712 | Zot:5    | Killed an ancient lich
 57712 | Zot:5    | Noticed an ancient lich
 57712 | Zot:5    | Noticed an ancient lich
 57716 | Zot:5    | Noticed an ancient lich
 57718 | Zot:5    | Killed an ancient lich
 57719 | Zot:5    | Reached skill level 19 in Unarmed Combat
 57722 | Zot:5    | Killed an orb of fire
 57725 | Zot:5    | Noticed an ancient lich
 57730 | Zot:5    | Noticed an ancient lich
 57730 | Zot:5    | Killed an ancient lich
 57731 | Zot:5    | Killed an orb of fire
 57731 | Zot:5    | Killed an ancient lich
 57736 | Zot:5    | Killed an ancient lich
 57737 | Zot:5    | Reached XP level 27. HP: 132/275 MP: 16/34
 57742 | Zot:5    | Killed an ancient lich
 58196 | Zot:5    | Got the Orb of Zot
 58365 | Zot:1    | Noticed Egechiuv the pandemonium lord
 58375 | Depths:5 | Noticed Miulueh the pandemonium lord
 58892 | D:$      | Escaped with the Orb!

Illustrated notes

Levels and vault maps discovered:
D:1:      wander_arrival_desolate, layout_basic
D:2:      layout_basic, gammafunk_temple_overflow_forgotten
D:3:      layout_loops_ring, kennysheep_vampire_church,
          chequers_serial_rivers_micro_c, minmay_mini_jars, uniq_ijyb,
          uniq_terence, uniq_natasha
D:4:      layout_gridville, grunt_temple_overflow_open,
          minmay_fractal_squares_diagonal_5, uniq_edmund, uniq_robin
D:5:      layout_gridville, minmay_temple_entry_crystal_x
D:6:      layout_rooms, uniq_sigmund
D:7:      layout_loops_ring, basic_altar, grunt_decor_one_mirror
D:8:      layout_gridville, david_lair_shrubbed, nicolae_ossuary_entry_giza,
          minmay_misc_feat_columns, grunt_ministairs_12, uniq_maurice,
          uniq_harold, uniq_psyche
D:9:      layout_small_grid, lemuel_coloured_pillars_altar, special_room
          [special_room_orc], nicolae_sextant, uniq_maggie
D:10:     kennysheep_big_flooded_room, layout_gridville, serial_shops,
          nicolae_shop_temple_entry_statues_fountains, minmay_splitting_lines,
          corexii_checkpoint_b
D:11:     layout_roguey, orc_0_dummy
D:12:     layout_roguey, serial_shops, shop, uniq_gastronok
D:13:     layout_cross, serial_shops, shop_fountains, enter_bailey_2,
          minivault_14, nzn_life_drinkers
D:14:     layout_basic, hangedman_vaults_entry_quadrant_bands, fedhas_altar_2,
          nicolae_dithmenos_shadow_blocks
D:15:     hangedman_depths_entry_try_elsewhere_first, layout_rooms,
          hangedman_abyss_or_decor_stagger
Temple:   nicolae_temple_figure_eight
Lair:1:   layout_small_grid, grunt_megastairs_4
Lair:2:   layout_chaotic_city, gauntlet_entry_generic,
          chequers_serial_rivers_small_b, grunt_megastairs_3, uniq_nergalle
Lair:3:   minmay_lair_oklob_tunnel, layout_gridlike,
          minmay_shoals_entry_lonely_mermaid, fungi_pond_lemuel
Lair:4:   layout_misc_corridors, minmay_snake_entry_six_corridors,
          patterned_corridor
Lair:5:   layout_layer_cave, zaba_anthell, lemuel_fruit_fields, uniq_sonja
Lair:6:   evilmike_catoblepas_cave, layout_regular_city, slime_altar_1,
          lemuel_fruit_tree, infiniplex_staircase_pool_2
Shoals:1: layout_shoals, ldierk_geyser, uniq_roxanne
Shoals:2: layout_shoals, nicolae_shoals_square_sea_wall, uniq_ilsuiw
Shoals:3: layout_shoals, serial_shops, nicolae_shop_behind_doors,
          nicolae_shop_window_shopping, shoals_oasis, uniq_polyphemus
Shoals:4: shoals_end_simple, layout_shoals, shoal_ilsuiw, uniq_bai_suzhen,
          uniq_kirke
Snake:1:  layout_chambers
Snake:2:  layout_gridlike, serial_bayou_lagoon_a, uniq_jorgrun
Snake:3:  layout_cave_pods, basic_altar, uniq_louise, uniq_azrael
Snake:4:  minmay_snake_end_coiled, layout_cave_town, statue_in_the_mist_lemuel,
          serial_bayou_shore_b, uniq_nikola, uniq_vashnia, uniq_aizul
Orc:1:    layout_diamond_mine, serial_shops, nicolae_shop_stone, uniq_erica,
          uniq_fannar
Orc:2:    kennysheep_orc_mage_school, layout_caves, serial_shops, shop
Elf:1:    eino_elf_arrival_altar, layout_geoelf_diagonals,
          portal_desolation_entry_twin_temple, serial_shops, shop_coins,
          minmay_elf_necromancy
Vaults:1: v_alt_pattern_3, vaults_dpeg_ring,
          vaults_room_grunt_arrival_checkpoint, nicolae_vaults_little_squares_5,
          vaults_room_mumra_shop_pool, layout_vaults_quadrants
Vaults:2: vaults_room_glass_cross, v_misc_25, v_rooms_2, nicolae_vaults_theta,
          ontoclasm_vaults_hangar, ontoclasm_vaults_ring_square,
          vaults_room_corners, v_pattern_3, v_misc_18,
          minmay_crypt_entry_skeletal_spiral, grunt_vaults_hallway_long,
          nicolae_vaults_shelves_hall, nicolae_vaults_diagonal_hallway_6,
          layout_vaults_ring, serial_shops, shop
Vaults:3: ebering_vaults_ghost_reflecting_pool, nicolae_vaults_specimen_jars,
          v_misc_29, grunt_vaults_bifocal, nicolae_vaults_fighting_squares,
          nicolae_vaults_alarming, nicolae_vaults_network_star, v_misc_1,
          hangedman_vaults_nails, nicolae_vaults_little_ls, vaults_room_pool,
          ontoclasm_vaults_decontamination, grunt_vaults_swirl,
          vaults_room_pools, layout_vaults_omnibox, nicolae_trove_entry_columns,
          basic_altar, serial_shops, nicolae_shop_trees, uniq_boris
Vaults:4: v_rooms_5, v_misc_18, vaults_mumra_minichess_inversion,
          nicolae_vaults_little_squares_4, v_misc_14, hangedman_vaults_slice,
          nicolae_vaults_mini_display_case, v_misc_3, vaults_dpeg_cross,
          v_misc_23, nicolae_vaults_theta, ontoclasm_vaults_bender,
          layout_vaults_maze_bifur
Vaults:5
Depths:1: layout_roguey, grunt_mini_vestibule, tso_altar, minmay_shop_star
Depths:2: minmay_the_grid_octo_tiled_octocenter_mashed
          [minmay_the_grid_octo_toaster, minmay_the_grid_octo_clover_2,
          minmay_the_grid_octo_horde, minmay_the_grid_octo_concentric,
          minmay_the_grid_octo_prize_star,
          minmay_the_grid_square_5x5_checkered_statues,
          minmay_the_grid_square_5x5_eight_small,
          minmay_the_grid_square_5x5_checkered,
          minmay_the_grid_square_5x5_spiral_small], layout_gridlike,
          enter_ziggurat_a, wad_floor_pattern_2, pf_hell_entry_tar_spiral,
          serial_bayou_shore_a
Depths:3: grunt_runaround [grunt_runaround_doors_1, grunt_runaround_doors_2,
          grunt_runaround_doors_3, grunt_runaround_doors_4,
          grunt_runaround_loot], hell_entry, pan_entry, uniq_frederick
Depths:4: minmay_crystal_thing, layout_basic,
          nicolae_abyss_entry_one_way_or_another, grunt_hell_entry_dis_old,
          lemuel_another_geyser, minmay_staircase_windowed_small
Depths:5: evilmike_zot_entry_argh, layout_cave_shapes, skrybe_limestone_x,
          hell_entry, grunt_ministairs_5, minmay_fountain_box,
          lemuel_flamethrower_2, minmay_shop_grove, serial_bayou_shore_b
Hell
Zot:1:    kennysheep_ambush_hall, layout_cathedral_of_symmetry,
          st_small_dragon_hoard_4
Zot:2:    layout_cellular_growth, st_stairs_13, zot_minivault_1
Zot:3:    layout_concentric_octagons
Zot:4:    layout_concentric_octagons
Zot:5:    layout_basic, bh_zot_levy_curve, grunt_ministairs_3

Skill      XL: |  1  2  3  4  5  6  7  8  9 10 11 12 13 14 15 16 17 18 19 20 21 22 23 24 25 26 27 |
---------------+----------------------------------------------------------------------------------+-----
Unarmed Combat | 1 2 3 4 5 6 9 10 11 12 13 14 15 16 17 18 19 | 19.4
Dodging        | 2 3 4 5 6 7 8 9 10 11 12 13 14 15 | 15.7
Fighting       | 2 3 4 5 8 9 10 11 12 13 14 15 16 | 16.9
Armour         | 1 2 3 4 5 6 7 8 9 10 11 13 14 | 14.8
Throwing       | 4 5 6 7 8 9 10 11 12 13 14 15 16 17 | 17.2
Evocations     | 1 2 3 4 5 6 7 8 9 10 11 12 13 14 15 | 15.4
Invocations    | 2 4 5 7 8 9 10 11 12 13 14 15 16 17 18 | 18.4
Shields        | 3 5 7 8 9 10 11 12 13 | 13.0
Stealth        | |  0.3

Action                   |  1- 3 |  4- 6 |  7- 9 | 10-12 | 13-15 | 16-18 | 19-21 | 22-24 | 25-27 || total
-------------------------+-------+-------+-------+-------+-------+-------+-------+-------+-------++-------
Melee: Unarmed           |    99 |   127 |   390 |   233 |   959 |   602 |  1063 |   969 |   489 ||  4931
       Punch             |       |       |     9 |     8 |    48 |    31 |       |       |       ||    96
       Headbutt          |       |       |       |       |       |       |       |    43 |   148 ||   191
       Kick              |       |       |       |       |       |       |       |    56 |   217 ||   273
Throw: Dart              |       |    41 |    76 |   101 |   165 |       |       |       |       ||   383
       Boomerang         |       |       |    13 |       |   103 |   675 |   612 |   257 |    31 ||  1691
       Large rock        |       |       |       |       |     3 |       |       |    62 |    14 ||    79
       Javelin           |       |       |       |       |    24 |    22 |    34 |   248 |   212 ||   540
Invok: Line Pass         |       |       |     2 |       |     2 |     2 |     2 |     2 |     1 ||    11
       Stomp             |       |       |     2 |     1 |     2 |       |       |       |     1 ||     6
       Grand Finale      |       |       |       |       |       |     1 |     3 |     5 |     5 ||    14
 Abil: Stop Flying       |       |     2 |       |       |       |       |       |       |       ||     2
Evoke: Wand              |       |       |    16 |     8 |    26 |     6 |     5 |     4 |    28 ||    93
       Condenser vane    |       |       |       |     1 |     5 |     5 |     8 |     9 |     4 ||    32
       Box of beasts     |       |       |       |       |     4 |     4 |     6 |     5 |     3 ||    22
       Tin of tremorston |       |       |       |       |     3 |     7 |    13 |    10 |     2 ||    35
       Phantom mirror    |       |       |       |       |     1 |     3 |     4 |     7 |     2 ||    17
  Use: Scroll            |     1 |     3 |    13 |    12 |    17 |     9 |    12 |    18 |    11 ||    96
       Potion            |       |       |       |     2 |     3 |     3 |     2 |    18 |    12 ||    40
 Stab: Paralysed         |       |       |     9 |    16 |    48 |    53 |   113 |    76 |    56 ||   371
       Sleeping          |       |       |     3 |       |       |       |       |       |       ||     3
       Confused          |       |       |     1 |       |     1 |     3 |     1 |       |       ||     6
       Distracted        |       |       |     1 |       |     1 |     1 |     1 |     2 |       ||     6
Armor: Robe              |    25 |    58 |   127 |    33 |       |       |       |       |       ||   243
       Skin              |       |       |     3 |       |       |       |       |     1 |       ||     4
       Steam dragon scal |       |       |       |    50 |   418 |   306 |    54 |       |       ||   828
       Troll leather arm |       |       |       |       |       |       |   191 |   213 |       ||   404
       Storm dragon scal |       |       |       |       |       |       |       |    74 |   257 ||   331
Dodge: Dodged            |    53 |   124 |   252 |   143 |   539 |   347 |   279 |   242 |   166 ||  2145
Block: Other             |       |       |       |       |   135 |    82 |       |       |       ||   217
       Reflection        |       |       |       |       |     8 |    53 |    86 |    67 |     6 ||   220
       Kite shield       |       |       |       |       |       |   190 |   312 |       |       ||   502
       Tower shield      |       |       |       |       |       |       |   362 |  1029 |   548 ||  1939
